 Dungeon Crawl Stone Soup version 0.14-a0-987-gc8002fa (webtiles) character file.

205 Inkie the Poker (level 3, -2/26 HPs)
             Began as a Merfolk Skald on Nov 21, 2013.
             Slain by a gnoll
             ... wielding a +0,+2 orcish flail
              (5 damage)
             ... on Level 2 of the Dungeon.
             The game lasted 00:04:11 (1483 turns).

Inkie the Poker (Merfolk Skald)                     Turns: 1483, Time: 00:04:12

HP  -2/26        AC  3     Str 12      XL: 3   Next: 91%
MP   1/6         EV 10     Int 12      God:
Gold 151         SH  0     Dex 13      Spells:  1 memorised,  5 levels left

Res.Fire  : . . .   See Invis. : .   a - +0 spear
Res.Cold  : . . .   Warding    : .   b - +0 leather armour
Life Prot.: . . .   Conserve   : .   (no shield)
Res.Poison: .       Res.Corr.  : .   (no helmet)
Res.Elec. : .       Clarity    : .   (no cloak)
Sust.Abil.: . .     Spirit.Shd : .   (no gloves)
Res.Mut.  : .       Stasis     : .   (no boots)
Res.Rott. : .       Flight     : .   (no amulet)
Saprovore : . . .                    (no ring)
                                     (no ring)

@: slowed, very slow, not resistant to hostile enchantments, very unstealthy
A: change form in water, swift swim
a: no special abilities


You were on level 2 of the Dungeon.
You were not hungry.

You visited 1 branch of the dungeon, and saw 2 of its levels.

You collected 151 gold pieces.

Inventory:

Hand weapons
 a - a +0,+0 spear (weapon)
Missiles
 o - 6 javelins (quivered)
Armour
 b - a +0 leather armour (worn)
Comestibles
 d - a bread ration
 p - an orange
 u - a rotting chunk of jackal flesh
Scrolls
 e - 2 scrolls of identify {unknown}
 g - 2 scrolls of remove curse {unknown}
 i - a scroll of curse armour {unknown}
 j - a scroll of enchant weapon I {unknown}
 k - a scroll of fear {unknown}
 l - a scroll of random uselessness {unknown}
 n - a scroll of fog {unknown}
 r - a scroll of curse jewellery {unknown}
 t - a scroll of curse weapon {unknown}
Jewellery
 f - an uncursed ring of teleport control {unknown}
Potions
 h - a potion of curing {unknown}
 m - 2 potions of restore abilities {unknown}
 q - 2 potions of slowing {unknown}
 s - a potion of invisibility {unknown}
Books
 c - a book of Battle

   Spells                             Type                      Level
   *Infusion                          Charms                       1
   Shroud of Golubria                 Charms/Translocation         2
   Song of Slaying                    Charms                       2
   Spectral Weapon                    Hexes/Charms                 3
   Regeneration                       Charms/Necromancy            3


   Skills:
 - Level 2.1 Fighting
 + Level 5.9 Polearms
 - Level 0.6 Armour
 - Level 1.3 Dodging
 - Level 2.0 Spellcasting
 - Level 3.2 Charms


You had 5 spell levels left.
You knew the following spells:

 Your Spells              Type           Power        Failure   Level  Hunger
a - Infusion              Chrm           #.....       10%         1    ##.....


Dungeon Overview and Level Annotations

Branches:
Dungeon (2/16)

Altars:
Cheibriados
Sif Muna


Message History

Attack whom?
Press: ? - help, Dir - move target cursor, f/p - gnoll
Aim: a gnoll, wielding an orcish flail and carrying a wand of slowing {zapped: 5} (lightly wounded)
You reach to attack!
You completely miss the gnoll.
The gnoll is lightly wounded.
The gnoll zaps a wand.
You feel as though you will be slow longer.
Attack whom?
Press: ? - help, Dir - move target cursor, f/p - gnoll
Aim: a gnoll, wielding an orcish flail and carrying a wand of slowing {zapped: 6} (lightly wounded)
You reach to attack!
You barely miss the gnoll.
The gnoll is lightly wounded.
The gnoll closely misses you.
Attack whom?
Press: ? - help, Dir - move target cursor, f/p - gnoll
Aim: a gnoll, wielding an orcish flail and carrying a wand of slowing {zapped: 6} (lightly wounded)
You closely miss the gnoll.
The gnoll is lightly wounded.
The gnoll hits you with an orcish flail.
You die...

### #......... ######...
#......... #...##....####
#########..%...... #...##._g.'..#
#........########. #...# #.#
#........# #. #...#
##.###........# #. #...#
####.............# #. #...#
#................# ## ..).#
#.......g@..(....#
....#############%#.#####
..##<#....# #.#.# #####
####.#.##.#######.#.###...#######
...............................(.
.###.#.##.#######.#.....#.#######
.# #...##.........#######.# .#
################ #.####### .#
#......# #........


You could see a gnoll.

Vanquished Creatures
  Jessica (D:2)
  A gnoll (D:2)
  An orc (D:2)
  A ball python (D:1)
  3 bats (D:2)
  4 goblins
  3 hobgoblins (D:1)
  5 jackals (D:2)
  A kobold (D:2)
  A giant newt (D:2)
  4 rats (D:1)
25 creatures vanquished.

Notes
Turn   | Place    | Note
--------------------------------------------------------------
     0 | D:1      | Inkie, the Merfolk Skald, began the quest for the Orb.
     0 | D:1      | Reached XP level 1. HP: 15/15 MP: 3/3
   291 | D:1      | Reached skill level 4 in Polearms
   291 | D:1      | Reached XP level 2. HP: 21/21 MP: 5/5
   691 | D:2      | Found a deep blue altar of Sif Muna.
   712 | D:2      | Noticed Jessica
   734 | D:2      | Killed Jessica
   734 | D:2      | Reached skill level 5 in Polearms
   734 | D:2      | Reached XP level 3. HP: 13/26 MP: 0/6
  1457 | D:2      | Found a snail-covered altar of Cheibriados.
  1483 | D:2      | Slain by a gnoll

Action                   || total
-------------------------++-------
Melee: Spear             ||   108
 Cast: Infusion          ||     2
